 Dungeon Crawl Stone Soup version 0.23.2-33-g5129a83184 (webtiles) character file.

Game seed: 7494083678926244256

3433 H0rd4k the Thaumaturge (level 9, -6/45 HPs)
             Began as a Deep Elf Wizard on July 9, 2019.
             Was a Priest of Sif Muna.
             Mangled by an orc warrior
             ... wielding a +0 mace
              (20 damage)
             ... on level 8 of the Dungeon.
             The game lasted 00:20:09 (8671 turns).

H0rd4k the Thaumaturge (Deep Elf Wizard)            Turns: 8671, Time: 00:20:10

Health: -6/45      AC:  2    Str:  4    XL:     9   Next: 77%
Magic:  23/35      EV: 13    Int: 27    God:    Sif Muna [***...]
Gold:   276        SH:  0    Dex: 13    Spells: 19/31 levels left

rFire    . . .     SeeInvis .   (no weapon)
rCold    . . .     Gourm    .   (no shield)
rNeg     . . .     Faith    .   a - +0 robe
rPois    .         Spirit   .   b - +0 hat
rElec    .         Reflect  .   (no cloak)
rCorr    .         Harm     .   (no gloves)
MR       .....                  (no boots)
Stlth    +++.......             (no amulet)
HPRegen  0.15/turn              l - +3 ring of slaying
MPRegen  0.24/turn              w - ring of magical power

@: no status effects
A: no striking features
a: Divine Energy, Channel Magic, Renounce Religion


You were on level 8 of the Dungeon.
You worshipped Sif Muna.
Sif Muna was most pleased with you.
You were not hungry.

You visited 2 branches of the dungeon, and saw 9 of its levels.

You collected 321 gold pieces.
You spent 45 gold pieces at shops.

Inventory:

Hand Weapons
 g - a +2 short sword of flaming
Missiles
 s - 3 steel tomahawks (quivered)
Armour
 a - a +0 robe (worn)
 b - a +0 hat (worn)
Jewellery
 l - a +3 ring of slaying (left hand)
 w - a ring of magical power (right hand)
Wands
 x - a wand of iceblast (2)
Scrolls
 e - a scroll of identify
 f - 6 scrolls of remove curse
 i - 2 scrolls of amnesia {unknown}
 j - 3 scrolls of teleportation
 k - 2 scrolls of immolation
 m - a scroll of fear {unknown}
 p - a scroll of enchant weapon {unknown}
 r - a scroll of enchant armour {unknown}
 v - a scroll of silence {unknown}
 y - a scroll of noise {unknown}
Potions
 c - 5 potions of brilliance
 h - a potion of might
 n - a potion of berserk rage {unknown}
 o - 3 potions of haste {unknown}
 q - 5 potions of lignification {unknown}
 t - a potion of mutation {unknown}
 u - 2 potions of curing {unknown}
 z - a potion of ambrosia {unknown}
Comestibles
 d - 12 rations


   Skills:
 + Level 3.6 Dodging
 + Level 4.6 Stealth
 + Level 11.8 Spellcasting
 + Level 9.2 Conjurations
 * Level 2.6 Charms
   Level 1.1 Summonings
 + Level 2.8 Translocations
 - Level 4.3 Fire Magic
 * Level 1.9 Air Magic
 + Level 1.0 Evocations


You had 19 spell levels left.
You knew the following spells:

 Your Spells              Type           Power        Failure   Level  Hunger
a - Magic Dart            Conj           ####         1%          1    None
b - Blink                 Tloc           N/A          1%          2    None
c - Conjure Flame         Conj/Fire      ######..     1%          3    None
d - Confusing Touch       Hex            ###...       3%          1    None
e - Gell's Gravitas       Tloc           ####......   3%          3    None
f - Swiftness             Chrm/Air       ####....     1%          2    None

Your spell library contained the following spells:

 Spells                   Type           Power        Failure   Level  Hunger
 Shock                    Conj/Air       ####         1%          1    None
 Static Discharge         Conj/Air       #####...     1%          3    None
 Mephitic Cloud           Conj/Pois/Air  #####...     2%          3    None
 Call Imp                 Summ           ###.....     3%          2    None
 Slow                     Hex            ###.....     5%          2    None
 Lightning Bolt           Conj/Air       #####.....   10%         5    ###....
 Confuse                  Hex            ###.....     11%         3    None
 Airstrike                Air            ####......   16%         4    None
 Petrify                  Tmut/Erth      ###.....     34%         4    None
 Metabolic Englaciation   Hex/Ice        ###.......   69%         5    ###....
 Yara's Violent Unravell  Hex/Tmut       ###.......   69%         5    ###....


Dungeon Overview and Level Annotations

Branches:
Dungeon (8/15)             Temple (1/1) D:4
   Lair: D:8-11

Altars:
Ashenzari
Cheibriados
Dithmenos
Elyvilon
Fedhas
Gozag
Hepliaklqana
Kikubaaqudgha
Makhleb
Nemelex Xobeh
Okawaru
Qazlal
Ru
Sif Muna
Trog
Uskayaw
Vehumet
Wu Jian
Xom
Yredelemnul
Zin
The Shining One

Shops:
D:5 *?

Annotations:
D:3 4 runed translucent doors, Crazy Yiuf; Destapler's ghost, amateur CeHu
D:4 exclusion: downstairs
D:6 1 runed translucent door, exclusions: centaur, downstairs and wight, Dowan; TheAraber's ghost, novice DDNe
D:7 1 runed translucent door, exclusion: 2 downstairs, Destapler's ghost, novice CeGl


Message History

The fire ignites!
The orc warrior throws a stone.
The stone hits you.
Casting: Conjure Flame (safe; 1% risk of failure)
Confirm with . or Enter, or press ? or * to list all spells.
Aiming: Magic Dart (safe; 1% risk of failure)
Press: ? - help, Shift-Dir - straight line, f - orc warrior
Aim: an orc warrior, wielding a +0 mace and wearing a +0 plate armour The magic dart hits the orc warrior but does no damage.
The orc warrior throws a stone.
The stone barely misses you.
The orc warrior throws a stone.
The stone hits you!
You see here a stone.
Casting: Magic Dart (safe; 1% risk of failure)
Confirm with . or Enter, or press ? or * to list all spells.
Aiming: Gell's Gravitas (safe; 3% risk of failure)
Press: ? - help, Dir - move target cursor, p - orc warrior Gravity reorients around empty space.
The orc warrior is engulfed in blazing flames.
The orc warrior hits you with a +0 mace!
The orc warrior is engulfed in blazing flames.
The orc warrior hits you with a +0 mace!!
You die...

#..... # #.... .... #....
....#### # ... .......
###### .). a....#####
#....# #[# #####......##
#....# #.# .........#..#
#....# #o#####......?....
#....#####@##....# #)<.(.#
#....#..........##....#.#@.
#...............#..####.#..
#.........(................
#................######....
#####............###......#
####..#####......##.#.#
##...##...### #.#.#
###..#..### #.#.#


You could see an orc warrior.

Vanquished Creatures
  Harold (D:8)
  4 ice beasts
  A sky beast (D:5)
  2 phantoms
  An ogre (D:4)
  3 centaurs
  2 big kobolds (D:7)
  2 bullfrogs (D:7)
  A scorpion (D:8)
  5 killer bees (D:7)
  4 wights (D:7)
  2 howler monkeys (D:4)
  5 crimson imps
  4 hounds
  2 orc priests (D:3)
  2 bullfrog skeletons
  2 centaur skeletons
  2 iguanas
  4 orc wizards
  6 worker ants
  A hound skeleton (D:7)
  2 worker ant zombies
  4 gnolls (D:3)
  6 adders
  An adder zombie (D:6)
  An adder skeleton (D:6)
  4 worms
  4 dart slugs
  2 leopard geckos
  23 orcs
  11 giant cockroaches
  8 goblins
  4 hobgoblins
  6 jackals
  20 kobolds
  A quokka (D:7)
  A ball python (D:1)
  5 bats
  4 frilled lizards
  A leopard gecko skeleton (D:4)
  6 rats
170 creatures vanquished.

Notes
Turn   | Place    | Note
-------+----------+-------------------------------------------
     0 | D:1      | H0rd4k the Deep Elf Wizard began the quest for the Orb.
     0 | D:1      | Reached XP level 1. HP: 10/10 MP: 7/7
   517 | D:1      | Reached XP level 2. HP: 15/15 MP: 7/9
   588 | D:1      | Reached skill level 5 in Spellcasting
  1232 | D:2      | Reached XP level 3. HP: 10/19 MP: 0/11
  1362 | D:2      | Found an iron altar of Okawaru.
  1910 | D:3      | Learned a level 2 spell: Blink
  1914 | D:3      | Learned a level 3 spell: Conjure Flame
  1917 | D:3      | Found a runed translucent gate.
  1917 | D:3      | Noticed Destapler's ghost (amateur CeHu)
  1917 | D:3      | Noticed a big kobold
  1920 | D:3      | Noticed a big kobold
  2043 | D:3      | Reached XP level 4. HP: 24/24 MP: 10/13
  2074 | D:3      | Reached skill level 6 in Spellcasting
  2298 | D:3      | Reached XP level 5. HP: 28/28 MP: 10/15
  2403 | D:3      | Reached skill level 1 in Fire Magic
  2501 | D:3      | Found a runed translucent gate.
  2501 | D:3      | Found a runed translucent gate.
  3006 | D:3      | Reached skill level 7 in Spellcasting
  3006 | D:3      | Reached XP level 6. HP: 21/32 MP: 4/18
  3175 | D:3      | Found a runed translucent door.
  3176 | D:3      | Noticed Crazy Yiuf
  4442 | D:4      | Found a staircase to the Ecumenical Temple.
  4463 | D:4      | Reached XP level 7. HP: 27/36 MP: 16/20
  4523 | Temple   | Entered the Ecumenical Temple
  4794 | Temple   | Became a worshipper of Sif Muna the Loreminder
  4847 | D:4      | Reached skill level 8 in Spellcasting
  4880 | D:5      | Entered Level 5 of the Dungeon
  5178 | D:5      | Reached skill level 5 in Conjurations
  5334 | D:5      | Found Qoeg's Magic Scroll Emporium.
  5342 | D:5      | Bought a scroll of teleportation for 45 gold pieces
  5355 | D:5      | Found Biwod's Assorted Antiques.
  5692 | D:6      | Found a shadowy altar of Dithmenos.
  5743 | D:6      | Reached * piety under Sif Muna
  5918 | D:6      | Reached skill level 9 in Spellcasting
  5918 | D:6      | Reached XP level 8. HP: 41/41 MP: 5/23
  6074 | D:6      | Learned a level 1 spell: Confusing Touch
  6078 | D:6      | Learned a level 3 spell: Gell's Gravitas
  6327 | D:6      | Noticed Dowan
  6435 | D:6      | Found a runed translucent door.
  6435 | D:6      | Noticed TheAraber's ghost (novice DDNe)
  6678 | D:7      | Reached ** piety under Sif Muna
  6678 | D:7      | Reached skill level 10 in Spellcasting
  7134 | D:7      | Found a runed translucent door.
  7136 | D:7      | Noticed Destapler's ghost (novice CeGl)
  7284 | D:7      | Reached XP level 9. HP: 37/45 MP: 25/25
  7582 | D:8      | Noticed Harold
  7645 | D:7      | Reached *** piety under Sif Muna
  7645 | D:7      | Reached skill level 11 in Spellcasting
  7651 | D:7      | Learned a level 2 spell: Swiftness
  8510 | D:8      | Killed Harold
  8510 | D:8      | Reached skill level 1 in Air Magic
  8510 | D:8      | Reached skill level 1 in Evocations
  8671 | D:8      | Mangled by an orc warrior

Skill      XL: |  1  2  3  4  5  6  7  8  9 |
---------------+----------------------------+-----
Spellcasting   | 5 6 7 9 10 11 | 11.8
Stealth        | 3 4 |  4.6
Conjurations   | 2 3 4 5 7 9 |  9.2
Fire Magic     | 1 2 3 4 |  4.3
Dodging        | 3 |  3.6
Translocations | 2 |  2.8
Charms         | 2 |  2.6
Air Magic      | 1 |  1.9
Evocations     | 1 |  1.0
Summonings     | |  1.1

Action                   |  1- 3 |  4- 6 |  7- 9 || total
-------------------------+-------+-------+-------++-------
Melee: Unarmed           |     3 |       |       ||     3
 Cast: Magic Dart        |   114 |   145 |   354 ||   613
       Conjure Flame     |       |     5 |    28 ||    33
       Blink             |       |       |     1 ||     1
       Gell's Gravitas   |       |       |     7 ||     7
Evoke: Wand              |       |       |     7 ||     7
  Use: Scroll            |       |     3 |     1 ||     4
  Eat: Chunk             |     3 |     7 |     3 ||    13
       Ration            |       |       |     3 ||     3
Armor: Robe              |     6 |       |     5 ||    11
Dodge: Dodged            |    36 |    13 |    48 ||    97
